3410 views
Uploaded 2020-04-15 06:11:27
Game version 1.32.3
19:26 long 4on4 ladder game on (8)NerubianPassage
Saved by iggythefisk
3410 views
Uploaded 2020-04-15 06:11:27
Game version 1.32.3
19:26 long 4on4 ladder game on (8)NerubianPassage


143 units @ 22.9k
/ 4.1k
72 buildings @ 10.1k
/ 4k


| Acolyte | 7 | 525 | / | 0 |
| Ghoul | 3 | 360 | / | 0 |
| Gargoyle | 25 | 4375 | / | 750 |
| Magnataur Warrior | 1 | 340 | / | 15 |
| total: | 36 | 5600g | / | 765w |
| Spirit Tower | 5 | 725 | / | 200 |
| Graveyard | 1 | 215 | / | 0 |
| Crypt | 2 | 400 | / | 100 |
| Ziggurat | 7 | 1050 | / | 350 |
| Altar of Darkness | 1 | 180 | / | 50 |
| Necropolis | 1 | 225 | / | 0 |
| Halls of the Dead | 1 | 320 | / | 210 |
| Black Citadel | 1 | 325 | / | 230 |
| total: | 12 | 2070g | / | 500w |
| 0:04 | Acolyte |
| 0:04 | Acolyte |
| 0:20 | Graveyard |
| 0:27 | Crypt |
| 0:39 | Ziggurat |
| 1:03 | Altar of Darkness |
| 1:29 | Ghoul |
| 1:31 | Ghoul |
| 1:44 | Ghoul |
| 2:19 | Halls of the Dead |
| 2:54 | Crypt |
| 2:59 | Ziggurat |
| 3:11 | Death Coil |
| 3:57 | Creature Attack |
| 4:01 | Ziggurat |
| 4:48 | Unholy Aura |
| 5:05 | Black Citadel |
| 5:56 | Improved Creature Attack |
| 6:25 | Creature Carapace |
| 6:31 | Frost Nova |
| 7:14 | Death Coil |
| 7:24 | Ziggurat |
| 7:27 | Gargoyle |
| 7:28 | Gargoyle |
| 7:29 | Gargoyle |
| 7:32 | Gargoyle |
| 7:46 | Acolyte |
| 8:15 | Improved Creature Carapace |
| 8:39 | Acolyte |
| 8:39 | Acolyte |
| 8:39 | Acolyte |
| 8:45 | Acolyte |
| 9:07 | Dark Ritual |
| 9:13 | Gargoyle |
| 9:19 | Ziggurat |
| 9:55 | Gargoyle |
| 10:00 | Gargoyle |
| 10:53 | Gargoyle |
| 10:56 | Ziggurat |
| 10:57 | Ziggurat |
| 11:01 | Advanced Creature Attack |
| 11:04 | Gargoyle |
| 11:25 | Gargoyle |
| 11:48 | Spirit Tower |
| 11:49 | Spirit Tower |
| 11:52 | Spirit Tower |
| 12:38 | Frost Nova |
| 12:53 | Gargoyle |
| 12:53 | Gargoyle |
| 13:05 | Unholy Aura |
| 13:20 | Gargoyle |
| 13:25 | Advanced Creature Carapace |
| 14:32 | Gargoyle |
| 14:32 | Gargoyle |
| 14:54 | Gargoyle |
| 15:07 | Spirit Tower |
| 15:24 | Gargoyle |
| 15:36 | Gargoyle |
| 15:53 | Magnataur Warrior |
| 16:08 | Gargoyle |
| 16:51 | Gargoyle |
| 16:53 | Gargoyle |
| 17:46 | Gargoyle |
| 17:49 | Spirit Tower |
| 17:52 | Necropolis |
| 18:11 | Frost Armor |
| 18:20 | Gargoyle |
| 18:39 | Gargoyle |
| 19:05 | Gargoyle |
| Right click | 337 |
| Select | 258 |
| Chat | 86 |
| Build/train/purchase | 63 |
| Use ability | 23 |
| Minimap ping | 23 |
| Misc. action | 9 |
| Item give/drop | 1 |

| Rod of Necromancy | 3 | 450 |
| total: | 3 | 450g |
| Acolyte | 9 | 675 | / | 0 |
| Ghoul | 3 | 360 | / | 0 |
| Crypt Fiend | 9 | 1935 | / | 360 |
| Frost Wyrm | 6 | 2310 | / | 720 |
| Goblin Shredder | 1 | 375 | / | 100 |
| total: | 28 | 5655g | / | 1180w |
| Graveyard | 1 | 215 | / | 0 |
| Crypt | 1 | 200 | / | 50 |
| Ziggurat | 9 | 1350 | / | 450 |
| Altar of Darkness | 1 | 180 | / | 50 |
| Tomb of Relics | 1 | 130 | / | 30 |
| Sacrificial Pit | 1 | 75 | / | 150 |
| Boneyard | 3 | 525 | / | 600 |
| Halls of the Dead | 1 | 320 | / | 210 |
| Black Citadel | 2 | 650 | / | 460 |
| total: | 17 | 2675g | / | 1330w |
| 0:05 | Acolyte |
| 0:06 | Acolyte |
| 0:06 | Acolyte |
| 0:06 | Acolyte |
| 0:15 | Graveyard |
| 0:17 | Crypt |
| 0:38 | Ziggurat |
| 0:59 | Altar of Darkness |
| 1:13 | Ziggurat |
| 1:24 | Ghoul |
| 1:24 | Ghoul |
| 1:37 | Ghoul |
| 1:51 | Tomb of Relics |
| 2:13 | Crypt Fiend |
| 2:13 | Crypt Fiend |
| 2:36 | Crypt Fiend |
| 2:53 | Acolyte |
| 3:02 | Death Coil |
| 3:08 | Crypt Fiend |
| 3:19 | Rod of Necromancy |
| 3:19 | Rod of Necromancy |
| 3:19 | Rod of Necromancy |
| 3:39 | Crypt Fiend |
| 3:40 | Crypt Fiend |
| 4:13 | Halls of the Dead |
| 4:50 | Unholy Aura |
| 5:02 | Ziggurat |
| 6:09 | Goblin Shredder |
| 6:26 | Ziggurat |
| 6:40 | Black Citadel |
| 6:45 | Sacrificial Pit |
| 6:58 | Creature Attack |
| 7:04 | Web |
| 7:06 | Death Coil |
| 7:25 | Crypt Fiend |
| 7:25 | Crypt Fiend |
| 7:26 | Creature Carapace |
| 8:45 | Ziggurat |
| 10:01 | Boneyard |
| 10:02 | Boneyard |
| 10:06 | Ziggurat |
| 10:13 | Acolyte |
| 10:13 | Acolyte |
| 10:13 | Acolyte |
| 10:13 | Acolyte |
| 10:21 | Crypt Fiend |
| 10:23 | Improved Creature Attack |
| 11:03 | Boneyard |
| 11:16 | Frost Wyrm |
| 12:39 | Unholy Aura |
| 12:44 | Frost Wyrm |
| 12:47 | Frost Wyrm |
| 12:50 | Ziggurat |
| 12:51 | Ziggurat |
| 13:31 | Improved Creature Carapace |
| 13:46 | Frost Wyrm |
| 14:37 | Frost Wyrm |
| 14:39 | Ziggurat |
| 14:50 | Advanced Creature Attack |
| 15:22 | Frost Wyrm |
| 16:15 | Death Coil |
| 16:41 | Freezing Breath |
| 18:12 | Unholy Aura |
| Select group | 659 |
| Right click | 588 |
| Select | 468 |
| Misc. action | 133 |
| Build/train/purchase | 56 |
| Assign group | 20 |
| Use ability | 17 |
| Minimap ping | 5 |
| Remove unit | 3 |


| Scroll of Regeneration | 5 | 500 |
| Staff of Sanctuary | 1 | 250 |
| Scroll of Town Portal | 1 | 350 |
| Boots of Speed | 2 | 500 |
| Scroll of the Beast | 1 | 400 |
| total: | 10 | 2000g |
| Peasant | 19 | 1425 | / | 0 |
| Footman | 6 | 810 | / | 0 |
| Rifleman | 5 | 1025 | / | 150 |
| Flying Machine | 21 | 2100 | / | 630 |
| Knight | 9 | 2205 | / | 540 |
| total: | 60 | 7565g | / | 1320w |
| Scout Tower | 6 | 180 | / | 120 |
| Arcane Tower | 4 | 280 | / | 200 |
| Guard Tower | 2 | 140 | / | 100 |
| Altar of Kings | 1 | 180 | / | 50 |
| Farm | 11 | 880 | / | 220 |
| Barracks | 3 | 480 | / | 180 |
| Town Hall | 1 | 385 | / | 205 |
| Arcane Vault | 1 | 130 | / | 30 |
| Lumber Mill | 1 | 120 | / | 0 |
| Blacksmith | 1 | 140 | / | 60 |
| Workshop | 1 | 140 | / | 140 |
| Keep | 1 | 320 | / | 210 |
| Castle | 1 | 360 | / | 210 |
| total: | 26 | 2635g | / | 1005w |
| 0:01 | Peasant |
| 0:03 | Altar of Kings |
| 0:07 | Peasant |
| 0:14 | Peasant |
| 0:17 | Farm |
| 0:21 | Peasant |
| 0:33 | Barracks |
| 0:34 | Peasant |
| 0:52 | Farm |
| 0:55 | Peasant |
| 1:07 | Peasant |
| 1:22 | Peasant |
| 1:34 | Footman |
| 1:39 | Peasant |
| 1:41 | Farm |
| 1:48 | Footman |
| 2:00 | Summon Water Elemental |
| 2:03 | Peasant |
| 2:04 | Peasant |
| 2:17 | Footman |
| 2:32 | Footman |
| 2:37 | Peasant |
| 2:49 | Peasant |
| 2:52 | Scout Tower |
| 3:13 | Footman |
| 3:18 | Brilliance Aura |
| 3:24 | Peasant |
| 3:24 | Peasant |
| 3:54 | Town Hall |
| 3:57 | Scout Tower |
| 3:57 | Scout Tower |
| 4:01 | Arcane Tower |
| 4:06 | Farm |
| 4:25 | Arcane Vault |
| 4:27 | Summon Water Elemental |
| 4:39 | Arcane Tower |
| 5:10 | Lumber Mill |
| 5:28 | Keep |
| 5:41 | Footman |
| 5:43 | Blacksmith |
| 5:46 | Peasant |
| 5:56 | Scroll of Regeneration |
| 5:58 | Scroll of Regeneration |
| 6:03 | Peasant |
| 6:24 | Defend |
| 6:37 | Improved Masonry |
| 6:42 | Brilliance Aura |
| 6:53 | Guard Tower |
| 6:57 | Black Gunpowder |
| 6:58 | Rifleman |
| 7:02 | Rifleman |
| 7:17 | Boots of Speed |
| 7:27 | Rifleman |
| 8:08 | Castle |
| 8:58 | Rifleman |
| 9:03 | Storm Bolt |
| 9:17 | Refined Gunpowder |
| 9:23 | Workshop |
| 9:33 | Scroll of Regeneration |
| 9:34 | Scroll of Regeneration |
| 9:56 | Long Rifles |
| 10:03 | Boots of Speed |
| 10:11 | Farm |
| 10:12 | Farm |
| 10:12 | Farm |
| 10:13 | Farm |
| 10:19 | Rifleman |
| 10:59 | Scout Tower |
| 11:02 | Imbued Gunpowder |
| 11:03 | Iron Plating |
| 11:09 | Improved Lumber Harvesting |
| 11:10 | Peasant |
| 11:10 | Peasant |
| 11:12 | Flak Cannons |
| 11:21 | Scroll of the Beast |
| 11:39 | Arcane Tower |
| 12:13 | Animal War Training |
| 12:14 | Sundering Blades |
| 12:16 | Advanced Lumber Harvesting |
| 12:25 | Scroll of Regeneration |
| 12:31 | Flying Machine |
| 12:32 | Flying Machine |
| 12:32 | Flying Machine |
| 12:35 | Scroll of Town Portal |
| 12:36 | Staff of Sanctuary |
| 12:44 | Knight |
| 12:44 | Knight |
| 12:49 | Barracks |
| 12:51 | Barracks |
| 13:06 | Scout Tower |
| 13:07 | Scout Tower |
| 13:08 | Summon Water Elemental |
| 13:18 | Iron Forged Swords |
| 13:22 | Flying Machine |
| 13:22 | Flying Machine |
| 13:23 | Flying Machine |
| 13:25 | Farm |
| 13:54 | Knight |
| 13:57 | Flying Machine |
| 13:59 | Steel Plating |
| 14:02 | Arcane Tower |
| 14:02 | Guard Tower |
| 14:38 | Flying Machine Bombs |
| 14:39 | Knight |
| 14:39 | Knight |
| 14:46 | Steel Forged Swords |
| 15:21 | Knight |
| 15:38 | Bash |
| 15:55 | Flying Machine |
| 15:55 | Flying Machine |
| 15:55 | Flying Machine |
| 16:17 | Flying Machine |
| 16:17 | Flying Machine |
| 16:17 | Flying Machine |
| 17:01 | Flying Machine |
| 17:01 | Flying Machine |
| 17:22 | Flying Machine |
| 17:22 | Flying Machine |
| 17:29 | Mithril Forged Swords |
| 17:29 | Mithril Plating |
| 17:50 | Flying Machine |
| 18:05 | Farm |
| 18:07 | Farm |
| 18:11 | Storm Bolt |
| 18:18 | Mass Teleport |
| 18:38 | Bash |
| 18:43 | Flying Machine |
| 18:44 | Knight |
| 18:44 | Knight |
| 19:05 | Knight |
| 19:06 | Flying Machine |
| 19:06 | Flying Machine |
| 19:20 | Storm Bolt |
| Right click | 1095 |
| Select | 493 |
| Select group | 477 |
| Assign group | 363 |
| Build/train/purchase | 173 |
| Misc. action | 58 |
| Use ability | 21 |
| Remove unit | 6 |
| Item give/drop | 3 |


| Acolyte | 2 | 150 | / | 0 |
| Ghoul | 4 | 480 | / | 0 |
| Crypt Fiend | 8 | 1720 | / | 320 |
| Gargoyle | 1 | 175 | / | 30 |
| Frost Wyrm | 4 | 1540 | / | 480 |
| total: | 19 | 4065g | / | 830w |
| Altar of Darkness | 1 | 180 | / | 50 |
| Ziggurat | 9 | 1350 | / | 450 |
| Crypt | 2 | 400 | / | 100 |
| Graveyard | 1 | 215 | / | 0 |
| Tomb of Relics | 1 | 130 | / | 30 |
| Sacrificial Pit | 1 | 75 | / | 150 |
| Boneyard | 2 | 350 | / | 400 |
| Halls of the Dead | 1 | 320 | / | 210 |
| Black Citadel | 1 | 325 | / | 230 |
| total: | 17 | 2700g | / | 1180w |
| 0:09 | Altar of Darkness |
| 0:11 | Ziggurat |
| 0:14 | Crypt |
| 0:28 | Acolyte |
| 0:41 | Acolyte |
| 1:03 | Ziggurat |
| 1:19 | Ghoul |
| 1:39 | Graveyard |
| 1:47 | Ghoul |
| 2:01 | Tomb of Relics |
| 2:11 | Carrion Beetles |
| 2:13 | Ghoul |
| 2:30 | Ziggurat |
| 2:42 | Ghoul |
| 3:08 | Crypt Fiend |
| 3:20 | Creature Attack |
| 3:52 | Crypt Fiend |
| 4:04 | Crypt |
| 5:09 | Crypt Fiend |
| 5:40 | Halls of the Dead |
| 6:18 | Crypt Fiend |
| 6:24 | Ziggurat |
| 6:28 | Ziggurat |
| 7:20 | Crypt Fiend |
| 7:44 | Creature Carapace |
| 7:59 | Spiked Carapace |
| 8:25 | Carrion Beetles |
| 8:36 | Crypt Fiend |
| 8:37 | Web |
| 8:50 | Black Citadel |
| 8:54 | Sacrificial Pit |
| 10:26 | Improved Creature Attack |
| 10:27 | Improved Creature Carapace |
| 11:17 | Boneyard |
| 11:18 | Boneyard |
| 13:28 | Ziggurat |
| 13:29 | Ziggurat |
| 13:30 | Ziggurat |
| 13:31 | Ziggurat |
| 13:36 | Crypt Fiend |
| 14:35 | Gargoyle |
| 14:46 | Frost Wyrm |
| 15:17 | Frost Wyrm |
| 15:26 | Unholy Aura |
| 15:43 | Freezing Breath |
| 16:12 | Crypt Fiend |
| 17:00 | Frost Wyrm |
| 17:28 | Impale |
| 17:49 | Frost Wyrm |
| 18:23 | Death Coil |
| Right click | 240 |
| Select group | 236 |
| Select | 136 |
| Build/train/purchase | 36 |
| Assign group | 21 |
| Chat | 7 |
| Minimap ping | 4 |
| Use ability | 2 |
| Remove unit | 2 |
| Misc. action | 1 |
124 units @ 17.5k
/ 2.1k
74 buildings @ 12.2k
/ 5.3k


| Healing Salve | 1 | 100 |
| total: | 1 | 100g |
| Peon | 6 | 450 | / | 0 |
| Grunt | 4 | 800 | / | 0 |
| Troll Headhunter | 5 | 700 | / | 100 |
| Troll Witch Doctor | 1 | 145 | / | 25 |
| Wind Rider | 5 | 1325 | / | 200 |
| Troll Berserker | 2 | 280 | / | 40 |
| Goblin Shredder | 1 | 375 | / | 100 |
| total: | 24 | 4075g | / | 465w |
| Watch Tower | 7 | 770 | / | 560 |
| Orc Burrow | 9 | 1440 | / | 360 |
| Barracks | 1 | 180 | / | 50 |
| Altar of Storms | 1 | 180 | / | 50 |
| War Mill | 1 | 205 | / | 0 |
| Voodoo Lounge | 1 | 130 | / | 30 |
| Spirit Lodge | 1 | 150 | / | 150 |
| Beastiary | 2 | 290 | / | 280 |
| Stronghold | 1 | 315 | / | 190 |
| Fortress | 1 | 325 | / | 190 |
| total: | 23 | 3345g | / | 1480w |
| 0:03 | Peon |
| 0:04 | Peon |
| 0:04 | Peon |
| 0:04 | Peon |
| 0:04 | Peon |
| 0:24 | Orc Burrow |
| 0:40 | Barracks |
| 1:08 | Peon |
| 1:19 | Orc Burrow |
| 1:23 | Altar of Storms |
| 1:41 | Grunt |
| 1:53 | War Mill |
| 2:09 | Grunt |
| 2:40 | Orc Burrow |
| 2:45 | Grunt |
| 3:05 | Steel Armor |
| 3:14 | Troll Headhunter |
| 3:24 | Endurance Aura |
| 3:54 | Grunt |
| 3:59 | Steel Melee Weapons |
| 4:01 | Troll Headhunter |
| 4:30 | Stronghold |
| 4:57 | Troll Headhunter |
| 5:02 | Voodoo Lounge |
| 5:45 | War Stomp |
| 6:06 | Troll Headhunter |
| 6:10 | Orc Burrow |
| 6:12 | Steel Ranged Weapons |
| 6:13 | Spiked Barricades |
| 6:42 | Orc Burrow |
| 6:45 | Troll Headhunter |
| 7:14 | Goblin Shredder |
| 7:21 | Endurance Aura |
| 7:51 | Berserker Strength |
| 7:52 | Troll Regeneration |
| 8:25 | Healing Salve |
| 8:31 | Thorium Armor |
| 8:45 | Fortress |
| 9:16 | Healing Wave |
| 9:37 | Spirit Lodge |
| 9:42 | Orc Burrow |
| 9:49 | Beastiary |
| 10:28 | Hex |
| 10:52 | Watch Tower |
| 10:58 | Beastiary |
| 11:01 | Thorium Ranged Weapons |
| 11:03 | War Stomp |
| 11:29 | Pillage |
| 11:30 | Berserker Upgrade |
| 11:33 | Thorium Melee Weapons |
| 12:28 | Watch Tower |
| 12:33 | Watch Tower |
| 12:36 | Reinforced Defenses |
| 12:39 | Witch Doctor Adept Training |
| 12:40 | Troll Witch Doctor |
| 12:44 | Healing Wave |
| 13:29 | Wind Rider |
| 13:30 | Wind Rider |
| 13:31 | Wind Rider |
| 15:04 | Watch Tower |
| 15:07 | Watch Tower |
| 15:12 | Orc Burrow |
| 15:18 | Troll Berserker |
| 15:18 | Troll Berserker |
| 15:51 | Orc Burrow |
| 15:52 | Orc Burrow |
| 16:18 | Watch Tower |
| 16:35 | Witch Doctor Master Training |
| 17:21 | Wind Rider |
| 17:35 | Wind Rider |
| 17:45 | Watch Tower |
| Select group | 250 |
| Right click | 220 |
| Select | 168 |
| Build/train/purchase | 62 |
| Misc. action | 11 |
| Use ability | 11 |
| Assign group | 10 |
| Item give/drop | 3 |
| Minimap ping | 1 |


| Healing Salve | 2 | 200 |
| Lesser Clarity Potion | 1 | 70 |
| Boots of Speed | 1 | 250 |
| Periapt of Vitality | 1 | 325 |
| Hood of Cunning | 2 | 1000 |
| The Lion Horn of Stormwind | 1 | 400 |
| Alleria's Flute of Accuracy | 1 | 400 |
| Ring of Protection +4 | 1 | 300 |
| Potion of Invulnerability | 1 | 400 |
| Legion Doom-Horn | 1 | 500 |
| total: | 12 | 3845g |
| Peon | 10 | 750 | / | 0 |
| Grunt | 6 | 1200 | / | 0 |
| Raider | 5 | 900 | / | 200 |
| Demolisher | 2 | 440 | / | 100 |
| Tauren | 3 | 840 | / | 240 |
| Frost Wyrm | 3 | 1155 | / | 360 |
| total: | 29 | 5285g | / | 900w |
| Watch Tower | 4 | 440 | / | 320 |
| Orc Burrow | 5 | 800 | / | 200 |
| Altar of Storms | 1 | 180 | / | 50 |
| War Mill | 1 | 205 | / | 0 |
| Barracks | 1 | 180 | / | 50 |
| Voodoo Lounge | 1 | 130 | / | 30 |
| Great Hall | 1 | 385 | / | 185 |
| Tauren Totem | 1 | 135 | / | 155 |
| Beastiary | 1 | 145 | / | 140 |
| Stronghold | 1 | 315 | / | 190 |
| Fortress | 1 | 325 | / | 190 |
| total: | 16 | 2600g | / | 1130w |
| 0:06 | Peon |
| 0:06 | Peon |
| 0:07 | Peon |
| 0:27 | Orc Burrow |
| 0:31 | Peon |
| 0:40 | Altar of Storms |
| 0:52 | Peon |
| 0:59 | War Mill |
| 1:12 | Orc Burrow |
| 1:32 | Peon |
| 1:32 | Peon |
| 2:04 | Barracks |
| 2:32 | Voodoo Lounge |
| 2:46 | Orc Burrow |
| 3:09 | Grunt |
| 3:09 | Grunt |
| 3:27 | Watch Tower |
| 3:35 | Feral Spirit |
| 4:15 | Stronghold |
| 4:17 | Steel Melee Weapons |
| 4:18 | Steel Armor |
| 4:20 | Grunt |
| 4:58 | Watch Tower |
| 5:26 | Great Hall |
| 6:10 | Watch Tower |
| 6:16 | Grunt |
| 6:23 | Orc Burrow |
| 6:29 | Far Sight |
| 7:47 | Feral Spirit |
| 7:59 | Watch Tower |
| 8:03 | Peon |
| 8:04 | Pillage |
| 8:21 | Fortress |
| 8:26 | Tauren Totem |
| 8:37 | Beastiary |
| 8:42 | Healing Salve |
| 8:43 | Lesser Clarity Potion |
| 8:52 | Healing Salve |
| 9:21 | Reinforced Defenses |
| 9:21 | Thorium Melee Weapons |
| 9:29 | Orc Burrow |
| 9:37 | Berserker Strength |
| 9:38 | Grunt |
| 9:38 | Grunt |
| 10:01 | Ensnare |
| 10:01 | Raider |
| 10:02 | Raider |
| 11:10 | Demolisher |
| 11:11 | Demolisher |
| 11:21 | Peon |
| 11:21 | Peon |
| 11:34 | Raider |
| 11:46 | Tauren |
| 11:46 | Tauren |
| 12:02 | Healing Wave |
| 13:39 | Hood of Cunning |
| 13:53 | The Lion Horn of Stormwind |
| 13:55 | Alleria's Flute of Accuracy |
| 14:16 | Pulverize |
| 14:16 | Tauren |
| 14:20 | Raider |
| 14:22 | Arcanite Melee Weapons |
| 15:07 | Raider |
| 15:12 | Burning Oil |
| 15:52 | Boots of Speed |
| 15:52 | Periapt of Vitality |
| 16:50 | Hood of Cunning |
| 16:52 | Ring of Protection +4 |
| 16:55 | Potion of Invulnerability |
| 17:05 | Legion Doom-Horn |
| 18:06 | Freezing Breath |
| 18:07 | Frost Wyrm |
| 18:07 | Frost Wyrm |
| 18:08 | Frost Wyrm |
| Right click | 927 |
| Select | 214 |
| Build/train/purchase | 69 |
| Use ability | 20 |
| Chat | 18 |
| Item give/drop | 4 |
| Remove unit | 4 |
| Minimap ping | 2 |


| Rod of Necromancy | 1 | 150 |
| Scroll of Town Portal | 1 | 350 |
| Healing Salve | 1 | 100 |
| total: | 3 | 600g |
| Acolyte | 14 | 1050 | / | 0 |
| Crypt Fiend | 9 | 1935 | / | 360 |
| Ghoul | 4 | 480 | / | 0 |
| Frost Wyrm | 1 | 385 | / | 120 |
| total: | 28 | 3850g | / | 480w |
| Graveyard | 1 | 215 | / | 0 |
| Altar of Darkness | 1 | 180 | / | 50 |
| Crypt | 1 | 200 | / | 50 |
| Ziggurat | 9 | 1350 | / | 450 |
| Tomb of Relics | 1 | 130 | / | 30 |
| Necropolis | 2 | 450 | / | 0 |
| Sacrificial Pit | 1 | 75 | / | 150 |
| Boneyard | 2 | 350 | / | 400 |
| Halls of the Dead | 1 | 320 | / | 210 |
| Black Citadel | 1 | 325 | / | 230 |
| total: | 18 | 2950g | / | 1130w |
| 0:02 | Acolyte |
| 0:03 | Acolyte |
| 0:12 | Graveyard |
| 0:39 | Altar of Darkness |
| 0:40 | Crypt |
| 0:55 | Ziggurat |
| 1:09 | Tomb of Relics |
| 1:34 | Ziggurat |
| 1:49 | Crypt Fiend |
| 2:17 | Crypt Fiend |
| 2:36 | Ghoul |
| 2:46 | Rod of Necromancy |
| 2:51 | Death Coil |
| 3:15 | Ghoul |
| 3:21 | Acolyte |
| 3:35 | Ghoul |
| 4:02 | Ghoul |
| 4:20 | Necropolis |
| 4:23 | Necropolis |
| 4:38 | Crypt Fiend |
| 4:48 | Unholy Aura |
| 4:58 | Halls of the Dead |
| 5:12 | Ziggurat |
| 5:22 | Creature Attack |
| 5:54 | Crypt Fiend |
| 5:57 | Acolyte |
| 5:57 | Acolyte |
| 5:57 | Acolyte |
| 6:00 | Acolyte |
| 6:09 | Acolyte |
| 6:30 | Crypt Fiend |
| 6:40 | Ziggurat |
| 7:05 | Crypt Fiend |
| 7:08 | Death Coil |
| 7:42 | Crypt Fiend |
| 7:49 | Ziggurat |
| 7:50 | Ziggurat |
| 8:23 | Frost Nova |
| 8:29 | Crypt Fiend |
| 8:34 | Black Citadel |
| 8:51 | Sacrificial Pit |
| 9:07 | Crypt Fiend |
| 9:29 | Improved Creature Attack |
| 10:52 | Frost Armor |
| 10:59 | Boneyard |
| 11:00 | Boneyard |
| 11:19 | Creature Carapace |
| 11:45 | Web |
| 11:59 | Acolyte |
| 12:10 | Unholy Aura |
| 12:50 | Frost Wyrm |
| 13:17 | Healing Salve |
| 13:17 | Scroll of Town Portal |
| 13:31 | Ziggurat |
| 13:35 | Ziggurat |
| 14:12 | Frost Nova |
| 14:36 | Acolyte |
| 14:36 | Acolyte |
| 14:36 | Acolyte |
| 14:36 | Acolyte |
| 14:36 | Acolyte |
| 15:47 | Ziggurat |
| Right click | 642 |
| Select group | 483 |
| Select | 134 |
| Assign group | 115 |
| Build/train/purchase | 52 |
| Misc. action | 50 |
| Resource trade | 25 |
| Use ability | 15 |
| Minimap ping | 14 |
| Item give/drop | 1 |


| Moonstone | 1 | 50 |
| Scroll of Town Portal | 1 | 350 |
| total: | 2 | 400g |
| Wisp | 22 | 1320 | / | 0 |
| Archer | 14 | 1820 | / | 140 |
| Hippogryph | 7 | 1120 | / | 140 |
| total: | 43 | 4260g | / | 280w |
| Moon Well | 6 | 1080 | / | 240 |
| Ancient of War | 2 | 300 | / | 120 |
| Altar of Elders | 1 | 180 | / | 50 |
| Hunter's Hall | 1 | 210 | / | 100 |
| Ancient of Wonders | 1 | 90 | / | 30 |
| Tree of Life | 3 | 1020 | / | 555 |
| Ancient of Wind | 3 | 450 | / | 420 |
| Tree of Ages | 1 | 320 | / | 180 |
| Tree of Eternity | 1 | 330 | / | 200 |
| total: | 17 | 3330g | / | 1515w |
| 0:03 | Wisp |
| 0:03 | Wisp |
| 0:03 | Wisp |
| 0:05 | Wisp |
| 0:05 | Wisp |
| 0:05 | Wisp |
| 0:05 | Wisp |
| 0:05 | Wisp |
| 0:05 | Wisp |
| 0:05 | Wisp |
| 0:42 | Moon Well |
| 1:08 | Ancient of War |
| 1:15 | Altar of Elders |
| 1:28 | Wisp |
| 1:37 | Moon Well |
| 1:48 | Wisp |
| 1:54 | Wisp |
| 1:55 | Wisp |
| 2:12 | Archer |
| 2:32 | Archer |
| 2:46 | Tree of Ages |
| 2:51 | Black Arrow |
| 3:00 | Archer |
| 3:03 | Archer |
| 3:25 | Archer |
| 3:38 | Archer |
| 3:44 | Hunter's Hall |
| 3:59 | Moon Well |
| 4:16 | Silence |
| 4:59 | Strength of the Moon |
| 5:09 | Improved Bows |
| 5:12 | Ancient of Wind |
| 5:12 | Ancient of Wind |
| 5:30 | Black Arrow |
| 5:35 | Moon Well |
| 5:38 | Ancient of Wonders |
| 6:29 | Hippogryph |
| 6:51 | Hippogryph |
| 6:53 | Trueshot Aura |
| 7:34 | Archer |
| 7:35 | Hippogryph |
| 7:47 | Tree of Life |
| 7:56 | Silence |
| 8:11 | Searing Arrows |
| 8:37 | Tree of Eternity |
| 8:41 | Improved Strength of the Moon |
| 8:48 | Archer |
| 10:22 | Trueshot Aura |
| 10:56 | Wisp |
| 10:56 | Wisp |
| 10:56 | Wisp |
| 10:56 | Wisp |
| 10:56 | Wisp |
| 11:21 | Moon Well |
| 11:25 | Wisp |
| 11:27 | Advanced Strength of the Moon |
| 11:32 | Archer |
| 11:34 | Hippogryph |
| 11:35 | Archer |
| 11:52 | Black Arrow |
| 12:03 | Moon Well |
| 12:47 | Archer |
| 12:48 | Hippogryph |
| 12:51 | Archer |
| 12:57 | Scroll of Town Portal |
| 12:58 | Moonstone |
| 13:08 | Ancient of War |
| 13:09 | Wisp |
| 13:10 | Wisp |
| 13:11 | Moon Armor |
| 13:12 | Well Spring |
| 13:13 | Ultravision |
| 13:20 | Marksmanship |
| 14:18 | Archer |
| 14:19 | Hippogryph |
| 16:05 | Tree of Life |
| 16:17 | Searing Arrows |
| 16:36 | Tree of Life |
| 16:55 | Archer |
| 16:56 | Hippogryph |
| 16:58 | Ancient of Wind |
| Right click | 880 |
| Select group | 335 |
| Select | 188 |
| Build/train/purchase | 80 |
| Assign group | 32 |
| Misc. action | 27 |
| Minimap ping | 18 |
| Use ability | 4 |
| Esc | 3 |
| Item give/drop | 2 |
⇛